 Dungeon Crawl Stone Soup version 0.28.0-47-ge53b351184 (webtiles) character file.

Game seed: 12875420138870370514

24 klau3 the Grave Robber (level 2, -1/19 HPs)
             Began as a Demonspawn Necromancer on May 6, 2022.
             Slain by an adder (4 damage)
             ... on level 2 of the Dungeon.
             The game lasted 00:03:21 (583 turns).

klau3 the Grave Robber (Demonspawn Necromancer)      Turns: 583, Time: 00:03:21

Health: -1/19      AC:  2    Str:  8    XL:     2   Next: 79%
Magic:  0/5        EV: 12    Int: 16    God:
Gold:   70         SH:  0    Dex: 13    Spells: 4/5 levels left

rFire   . . .      SeeInvis .   (no weapon)
rCold   . . .      Faith    .   (no shield)
rNeg    . . .      Spirit   .   a - +0 robe
rPois   .          Reflect  .   (no helmet)
rElec   .          Harm     .   (no cloak)
rCorr   .          Rampage  .   (no gloves)
Will    .....                   (no boots)
Stlth   ++........              (no amulet)
HPRegen 0.06/turn               (no ring)
MPRegen 0.18/turn               (no ring)

@: no status effects
A: magic regeneration
a: no special abilities


You were on level 2 of the Dungeon.
You visited 1 branch of the dungeon, and saw 2 of its levels.

You collected 70 gold pieces.

Inventory:

Armour
 a - a +0 robe (worn)
Scrolls
 c - a scroll of teleportation {unknown}
Potions
 b - 2 potions of degeneration {unknown}


   Skills:
 + Level 1.8 Dodging
 + Level 2.0 Stealth
 + Level 2.2 Spellcasting
 + Level 5.0 Necromancy


You had 4 spell levels left.
You knew the following spells:

 Your Spells              Type           Power      Damage    Failure   Level
a - Pain                  Necr           72%        1d7       2%          1

Your spell library contained the following spells:

 Spells                   Type           Power      Damage    Failure   Level
 Animate Skeleton         Necr           36%        N/A       2%          1
 Vampiric Draining        Necr           18%        2d7       8%          3
 Animate Dead             Necr           9%         N/A       26%         4
 Agony                    Necr           18%        N/A       56%         5


Dungeon Overview and Level Annotations

Branches:
Dungeon (2/15)

Altars:


Innate Abilities, Weirdness & Mutations

You regenerate magic rapidly.


Message History

Aim: a bat (asleep, chance to affect: 88%) Out of range.
Okay, then.
Aiming: Pain (safe; 2% risk of failure)
Press: ? - help, Q - select action Shift-Dir - straight line, f - bat
Aim: a bat (asleep, chance to affect: 88%)
The bat writhes in agony.
Aiming: Pain (safe; 2% risk of failure)
Press: ? - help, Q - select action Shift-Dir - straight line, f/p - bat
Aim: a bat (severely wounded, chance to affect: 88%)
The bat writhes in agony.
You kill the bat!
An adder comes into view.
The adder hisses angrily.
You see here a bat corpse.
Aiming: Pain (safe; 2% risk of failure)
Press: ? - help, Q - select action Shift-Dir - straight line, f - adder
Aim: an adder (chance to affect: 83%)
The adder writhes in agony.
Aiming: Pain (safe; 2% risk of failure)
Press: ? - help, Q - select action Shift-Dir - straight line, f/p - adder
Aim: an adder (lightly wounded, chance to affect: 83%)
The adder writhes in agony.
The adder barely misses you.
You see here a bat corpse.
Aiming: Pain (safe; 2% risk of failure)
Press: ? - help, Q - select action Shift-Dir - straight line, f/p - adder
Aim: an adder (heavily wounded, chance to affect: 83%)
The adder writhes in agony.
The adder bites you. x2
Aiming: Pain (safe; 2% risk of failure)
Press: ? - help, Q - select action Shift-Dir - straight line, f/p - adder
Aim: an adder (severely wounded, chance to affect: 83%)
The adder writhes in agony.
The adder bites you.
* * * LOW HITPOINT WARNING * * *
The adder bites you but does no damage.
You see here a ball python corpse.
Found 2 smoky dark potions.
The adder bites you.
You die...

##........ #.....#
#.##########.†.##
#.# #.......#
##.## #.###.#.#
#...######.###.#.#
#............#†#.#
#...######.#.....#
##### #.#..S..#
#....@..#
#........#
#............
#........####
##......##
###...## ##.## #!.


You could see an adder.

Vanquished Creatures
  An adder (D:2)
  2 ball pythons (D:2)
  3 endoplasms
  A goblin (D:2)
  A kobold (D:1)
  A bat (D:2)
  3 frilled lizards
  3 rats
15 creatures vanquished.

Notes
Turn   | Place    | Note
-------+----------+-------------------------------------------
     0 | D:1      | klau3 the Demonspawn Necromancer began the quest for the
                  | Orb.
     0 | D:1      | Reached XP level 1. HP: 13/13 MP: 3/3
   218 | D:1      | You fall into a shaft and drop 1 floor!
   236 | D:2      | Gained mutation: You regenerate magic rapidly. [demonic
                  | ancestry]
   236 | D:2      | Reached XP level 2. HP: 13/19 MP: 0/5
   493 | D:2      | Reached skill level 5 in Necromancy
   583 | D:2      | Slain by an adder

Illustrated notes

Levels and vault maps discovered:
D:1:      matt_arrival_refuge, layout_basic, serial_forest,
          infiniplex_forest_lined_2, infiniplex_forest_lined_2,
          infiniplex_forest_clump_tiny, infiniplex_forest_lined_2,
          infiniplex_forest_lined_room_2, infiniplex_forest_straight_1,
          infiniplex_forest_clump_tiny
D:2:      layout_loops_corners

Skill      XL: |  1  2 |
---------------+-------+-----
Stealth        | 2 |  2.0
Necromancy     | 5 |  5.0
Dodging        | |  1.8
Spellcasting   | |  2.2

Action                   || total
-------------------------++-------
Melee: Unarmed           ||     3
       Punch             ||     1
 Cast: Pain              ||    30
Armor: Robe              ||     1
Dodge: Dodged            ||     6
